 Dungeon Crawl Stone Soup version 0.30.0-5-g1a98f26d00 (webtiles) character file.

Game seed: 8710009908232831115

490 fozzywoppz the Shield-Bearer (level 7, -5/44 HPs)
             Began as a Gargoyle Fighter on May 9, 2023.
             Slain by an ogre
             ... wielding a +0 giant spiked club
              (18 damage)
             ... on level 7 of the Dungeon.
             The game lasted 00:08:59 (4349 turns).

fozzywoppz the Shield-Bearer (Gargoyle Fighter)     Turns: 4349, Time: 00:09:00

Health: -5/44      AC: 20    Str: 19    XL:     7   Next: 14%
Magic:  7/7        EV:  5    Int:  9    God:
Gold:   189        SH: 10    Dex: 11    Spells: 6/6 levels left

rFire   + . .        a - +0 flail
rCold   . . .        c - +0 buckler
rNeg    + . .        y - +0 plate armour
rPois   ∞            A - +2 helmet
rElec   +            (no cloak)
rCorr   +            (no gloves)
SInv    .            (no boots)
Will    .....        i - amulet of reflection Stlth
                     p - ring of protection from fire
HPRegen 0.27/turn    v - ring of resist corrosion
MPRegen 0.10/turn

%: reflection
@: mighty
A: sickness immunity, AC +4, negative energy resistance 1, electricity
resistance, torment resistance 1, petrification resistance
a: no special abilities


You were on level 7 of the Dungeon.
You visited 2 branches of the dungeon, and saw 8 of its levels.
You also visited: Sewer.

You collected 189 gold pieces.

Inventory:

Hand Weapons
 a - a +0 flail (weapon)
 C - a +1 whip of electrocution
Missiles
 B - a curare-tipped dart (quivered)
 F - a throwing net
Armour
 c - a +0 buckler (worn)
 y - a +0 plate armour (worn)
 A - a +2 helmet (worn)
Jewellery
 i - an amulet of reflection (around neck)
 p - a ring of protection from fire (left hand)
 v - a ring of resist corrosion (right hand)
 G - a ring of positive energy
Wands
 o - a wand of flame (16)
Scrolls
 g - a scroll of fear
 j - a scroll of fog {unknown}
 l - a scroll of vulnerability
 r - 2 scrolls of summoning {unknown}
 s - a scroll of brand weapon {unknown}
 t - a scroll of blinking {unknown}
 w - a scroll of enchant weapon {unknown}
 x - a scroll of poison {unknown}
Potions
 b - 2 potions of degeneration {unknown}
 d - a potion of might
 e - 3 potions of heal wounds
 f - a potion of ambrosia
 k - a potion of invisibility
 m - a potion of experience {unknown}
 n - 2 potions of mutation
 q - a potion of curing {unknown}
 u - a potion of berserk rage {unknown}
 z - 3 potions of brilliance
 D - a potion of haste {unknown}
 E - 2 potions of lignification {unknown}


   Skills:
 + Level 5.1 Fighting
 + Level 4.0 Maces & Flails
 + Level 5.1 Armour
 + Level 5.1 Shields


You had 6 spell levels left.
You didn't know any spells.
Your spell library contained the following spells:

 Spells                   Type           Power      Damage    Failure   Level
 Magic Dart               Conj           0%         1d3       100%        1
 Sting                    Tmut/Pois      0%         1d3       100%        1
 Call Imp                 Summ           0%         N/A       100%        2
 Ensorcelled Hibernation  Hex/Ice        0%         N/A       100%        2
 Passwall                 Tmut/Erth      0%         N/A       100%        2
 Poisonous Vapours        Pois/Air       0%         N/A       100%        2
 Mephitic Cloud           Conj/Pois/Air  0%         N/A       100%        3
 Spider Form              Tmut/Pois      0%         N/A       100%        3
 Swiftness                Air            0%         N/A       100%        3
 Anguish                  Hex/Necr       0%         N/A       100%        4
 Olgreb's Toxic Radiance  Pois           0%         N/A       100%        4


Dungeon Overview and Level Annotations

Branches:
Dungeon (8/15)             Temple (1/1) D:4           Sewer (visited)
   Lair: D:8-11

Altars:
Cheibriados
Dithmenos
Elyvilon
Fedhas
Gozag
Hepliaklqana
Kikubaaqudgha
Nemelex Xobeh
Qazlal
Ru
Sif Muna
Trog
Uskayaw
Wu Jian
Xom
The Shining One

Annotations:
D:5 1 transporter, PerfectTommy's ghost, novice MiFi


Innate Abilities, Weirdness & Mutations

You are immune to sickness and miasma.
Your stone body is resilient. (AC +4)
You are immune to poison.
You resist negative energy. (rN+)
You are resistant to electric shocks. (rElec)
You are resistant to unholy torment.
You are immune to petrification.


Message History

You block the killer bee's attack.
As you read the scroll of teleportation, it crumbles to dust.
You feel strangely unstable.
The killer bee stings you but does no damage.
The killer bee closely misses you. The killer bee stings you.
* * * LOW HITPOINT WARNING * * *
The killer bee barely misses you. x2; The killer bee closely misses you.
Unknown command.
You sock the killer bee!
You kill the killer bee!
The killer bee stings you but does no damage. x3
The killer bee barely misses you.
Your Maces & Flails skill increases to level 4!
Unknown command.
You closely miss the killer bee.
The killer bee is moderately wounded.
Your surroundings suddenly seem different.
Found a ring mail.
Found a stone staircase leading up.
You feel your willpower return.
A centaur comes into view.
The centaur wields a +0 shortbow.
The centaur shoots an arrow.
The arrow hits you.
* * * LOW HITPOINT WARNING * * *
You hear an angry buzzing noise.
There is a stone staircase leading up here.
The centaur shoots an arrow.
The arrow hits you but does no damage.
You hear an angry hiss.
You climb upwards.
The water moccasin hisses angrily.
The ogre shouts!
You hear a bark!
Found a scroll labelled UHENLU ANINNER.
There is a stone staircase leading down here.
You sock the ogre!
The ogre is heavily wounded.
The ogre hits you but does no damage.
You barely miss the ogre.
The ogre is heavily wounded.
You block the water moccasin's attack.
The ogre hits you with a +0 giant spiked club!!
You die...

# #. #.# ...
#####.###
#.....S.##
#.....O@.#
...............
#........#.###.
#........# ..
#........# ##
#......?.#
#........#
#####.####


You could see a water moccasin and an ogre.

Vanquished Creatures
  A kobold brigand (Sewer)
  A killer bee (D:8)
  2 hounds (D:4)
  An iguana (D:4)
  Ijyb (D:3)
  Robin (D:4)
  4 gnolls (D:4)
  6 adders
  5 river rats (Sewer)
  8 worms
  2 dart slugs
  3 orcs
  8 ball pythons
  7 bats
  11 endoplasms
  2 giant cockroaches
  6 goblins
  5 hobgoblins
  9 kobolds
  5 quokkas
  2 frilled lizards
  9 rats
99 creatures vanquished.

Notes
Turn   | Place    | Note
-------+----------+-------------------------------------------
     0 | D:1      | fozzywoppz the Gargoyle Fighter began the quest for the
                  | Orb.
     0 | D:1      | Reached XP level 1. HP: 14/14 MP: 1/1
   481 | D:1      | Reached XP level 2. HP: 19/19 MP: 2/2
   662 | D:2      | Reached XP level 3. HP: 24/24 MP: 3/3
   837 | D:2      | Found a bloodstained altar of Trog.
   890 | D:2      | Reached XP level 4. HP: 29/29 MP: 4/4
  1734 | D:3      | Found a glowing golden altar of the Shining One.
  1772 | D:3      | Found an ancient bone altar of Kikubaaqudgha.
  1832 | D:3      | Noticed a water elemental
  1833 | D:3      | Found a stormy altar of Qazlal.
  1837 | D:3      | Noticed an air elemental
  1837 | D:3      | Noticed an earth elemental
  1837 | D:3      | Noticed a fire elemental
  2158 | D:4      | Noticed Robin
  2159 | D:4      | Noticed Ijyb
  2198 | D:3      | Killed Ijyb
  2199 | D:3      | Reached XP level 5. HP: 20/33 MP: 5/5
  2273 | D:4      | Killed Robin
  2522 | D:4      | Found a glowing drain.
  2529 | Sewer    | Entered a sewer
  2625 | Sewer    | Noticed a kobold brigand
  2650 | Sewer    | Killed a kobold brigand
  2651 | Sewer    | Reached XP level 6. HP: 31/39 MP: 6/6
  3359 | D:4      | Found a shimmering altar of Xom.
  3437 | D:4      | Found a staircase to the Ecumenical Temple.
  3442 | Temple   | Entered the Ecumenical Temple
  3777 | D:4      | Reached skill level 5 in Fighting
  3777 | D:4      | Reached skill level 5 in Shields
  3783 | D:4      | Reached skill level 5 in Armour
  3995 | D:4      | Reached XP level 7. HP: 44/44 MP: 7/7
  4293 | D:5      | Entered Level 5 of the Dungeon
  4303 | D:5      | Found a transporter.
  4307 | D:5      | Noticed PerfectTommy's ghost (novice MiFi)
  4307 | D:5      | You fall into a shaft and drop 3 floors!
  4328 | D:8      | Noticed a steam dragon
  4349 | D:7      | Slain by an ogre

Illustrated notes

Levels and vault maps discovered:
D:1:      dpeg_arrival_more_subterranean_lakeside_camping, layout_loops_ring
D:2:      layout_loops_ring, basic_altar
D:3:      layout_loops_ring, nicolae_qazlal_style_of_elements,
          lemuel_doored_altar, mainiacjoe_overflow_brackets
D:4:      layout_gridville, xom_teletrap_fun, minmay_temple_entry_grid,
          gup_sewer_entry_spiral, nicolae_goblin_pals, uniq_robin
D:5:      layout_basic, gammafunk_ghost_arena, serial_aquarium,
          aquarium_bridge_straight [aquarium_subvault_bridge,
          aquarium_subvault_window, aquarium_subvault_bridge,
          aquarium_subvault_wall], aquarium_window_2, aquarium_window_fake,
          aquarium_window_corner, aquarium_window_fake, aquarium_view_2e,
          kennysheep_another_room, nicolae_wormholes
D:7:      layout_loops_corners, minmay_stone_trees_small, uniq_joseph
D:8:      layout_cave_pools, yredelemnul_altar_generic, fiery_altar_vehumet,
          gammafunk_ghost_cemetery, amethyst_killhole
Temple:   chequers_temple_sunken

Skill      XL: |  1  2  3  4  5  6  7 |
---------------+----------------------+-----
Fighting       | 4 5 |  5.1
Shields        | 4 5 |  5.1
Armour         | 4 5 |  5.1
Maces & Flails | 3 4 |  4.0

Action                     |  1- 3 |  4- 6 |  7- 9 || total
---------------------------+-------+-------+-------++-------
  Melee: Flail             |    61 |   407 |    13 ||   481
    Use: Scroll            |       |     7 |     2 ||     9
         Potion            |       |       |     1 ||     1
 Armour: Scale mail        |    29 |    43 |       ||    72
         Plate armour      |       |   176 |    28 ||   204
  Dodge: Dodged            |    40 |    86 |    13 ||   139
  Block: Buckler           |    18 |   163 |    11 ||   192
         Reflection        |       |     2 |       ||     2
